cohdb
Replays
Latest Replays
All Replays
Popular Replays
Top Player Replays
Match Explorer
How It Works
Community
CoH3 Stats
Reddit
Sign in to upload your games and track your stats! →
Sign in with Steam
Match 38348274
Unlisted
Match 38348274
Overview
Messages
Build Orders
End
Royal Engineer Section
Construct Section Command Post
Selects Indian Artillery Battlegroup
Selects Indian Artillery Battlegroup
Infantry Section
Vickers Machine Gun Team
Infantry Section
Infantry Section
Selects War Cry
Construct Platoon Command Post
STALKER4732
tubagznyven
rangeman
♪『Twilight Sparkle』♪MLP
SteveMcQueef
Goliath
starlight
新年辞旧喜洋洋
0
0
Comments
sign in to comment!
No comments posted yet!